 Dungeon Crawl Stone Soup version 0.17-a0-870-gcb215c1 (webtiles) character file.

170 levet the Sneak (level 5, 0/36 HPs)
             Began as a Vampire Enchanter on Apr 29, 2015.
             Was an Initiate of Dithmenos.
             Slain by a slave (5 damage)
             ... led by Pikel
             ... on level 4 of the Dungeon.
             The game lasted 00:35:29 (4960 turns).

levet the Sneak (Vampire Enchanter)                 Turns: 4960, Time: 00:35:29

Health: 0/36       AC:  3    Str:  7    XL:     5   Next: 26%
Magic:  1/9        EV: 14    Int: 18    God:    Dithmenos [......]
Gold:   291        SH:  0    Dex: 15    Spells: 3 memorised, 3 levels left

rFire  . . .     SeeInvis +     a - +1 dagger
rCold  + . .     Clarity  .     b - +1 robe
rNeg   + . .     SustAb   .     (no shield)
rPois  .         Gourm    .     (no helmet)
rElec  .         Spirit   .     (no cloak)
rCorr  .         Warding  .     (no gloves)
rMut   .         Stasis   .     (no boots)
MR     .....                    d - amulet of regeneration
Stlth  +++.......               l - ring of teleport control
                                k - ring of protection from cold

@: not resistant to hostile enchantments, fairly stealthy
A: fangs 3, see invisible, unbreathing
a: Bat Form, Renounce Religion, Evoke Teleport Control


You were on level 4 of the Dungeon.
You worshipped Dithmenos.
Dithmenos was noncommittal.
You were not thirsty.

You visited 2 branches of the dungeon, and saw 5 of its levels.

You collected 291 gold pieces.

Inventory:

Hand weapons
 a - a +1 dagger (weapon)
Armour
 b - a +1 robe (worn)
Jewellery
 d - an amulet of regeneration (around neck)
 k - a ring of protection from cold (left hand)
 l - a ring of teleport control (right hand)
Scrolls
 e - a scroll of enchant armour {unknown}
 f - 2 scrolls of blinking {unknown}
 g - a scroll of enchant weapon {unknown}
 h - a scroll of immolation {unknown}
 j - a scroll of teleportation {unknown}
 o - 3 scrolls of remove curse {unknown}
 q - 2 scrolls of identify
 r - a scroll of magic mapping {unknown}
Potions
 i - a potion of magic {unknown}
 m - a potion of ambrosia {unknown}
 n - 2 potions of curing {unknown}
 p - a potion of lignification {unknown}
 s - a potion of poison {unknown}
Books
 c - a book of Maledictions

   Spells                             Type                      Level
   a - Corona                         Hexes                        1
   b - Ensorcelled Hibernation        Hexes/Ice                    2
   c - Confuse                        Hexes                        3
   d - Tukima's Dance                 Hexes                        3
   e - Dazzling Spray                 Conjuration/Hexes            3


   Skills:
 + Level 0.3 Fighting
 + Level 1.7 Short Blades
 + Level 3.8 Dodging
 + Level 5.5 Stealth
 + Level 2.9 Spellcasting
 + Level 5.3 Hexes
 + Level 0.4 Ice Magic


You had 3 spell levels left.
You knew the following spells:

 Your Spells              Type           Power        Failure   Level  Hunger
a - Corona                Hex            ###....      1%          1    None
b - Ensorcelled Hibernat  Hex/Ice        ##....       10%         2    ##.....
c - Confuse               Hex            ###.....     6%          3    ###....


Dungeon Overview and Level Annotations

Branches:
Dungeon (4/15)             Temple (1/1) D:4

Altars:
Cheibriados
Dithmenos
Fedhas
Gozag
Makhleb
Okawaru
Qazlal
Ru
Sif Muna
Trog
Vehumet
Yredelemnul
Zin

Shops:
D:4 *

Annotations:
D:4 Pikel


Innate Abilities, Weirdness & Mutations

You have razor-sharp teeth.
You have supernaturally acute eyesight.
You can survive without breathing.


Message History

Confirm with . or Enter, or press ? or * to list all spells.
You don't have enough magic to cast that spell.
Casting: Ensorcelled Hibernation
Confirm with . or Enter, or press ? or * to list all spells.
Aiming: Corona
Press: ? - help, Shift-Dir - straight line, f/p - Pikel
Aim: Pikel, wielding a whip of freezing and wearing a robe (severely wounded, chance 60%) Pikel is outlined in light.
The slave barely misses you. The slave barely misses you.
Pikel hits you with a whip of freezing. Pikel freezes you.
A crimson imp opens the door.
The slave hits you.
You barely miss Pikel.
Pikel is severely wounded.
The slave hits you. The slave closely misses you.
Pikel hits you but does no damage. The slave barely misses you.
You completely miss Pikel.
Pikel is severely wounded.
The slave hits you.
* * * LOW HITPOINT WARNING * * *
The slave hits you.
You die...

##### #...# ##.#5###
###########.p@p'.##### .
#.....#...#.p#K#...'... ..
+.....'...#....'...#.. ..
#.....#...+....#...#..
..####'###.###....#'###.#######
..#.....##.#####.....##.#.......
..#.....#...#..#5....#..#.......#
..#.....#...#..'.....#..#.......#
..#.....#...#..#.....#..#.......#


You could see Pikel, 3 slaves and a crimson imp.

Vanquished Creatures
  A hound (D:4)
  5 adders
  An ooze (D:3)
  2 worms
  3 giant geckos
  5 orcs (D:3)
  A ball python (D:3)
  11 bats
  6 giant cockroaches
  8 hobgoblins
  4 jackals (D:2)
  2 giant newts
  8 goblins
  9 kobolds
  4 rats
70 creatures vanquished.

Notes
Turn   | Place    | Note
--------------------------------------------------------------
     0 | D:1      | levet, the Vampire Enchanter, began the quest for the Orb.
     0 | D:1      | Reached XP level 1. HP: 13/13 MP: 3/3
   155 | D:1      | Reached XP level 2. HP: 13/19 MP: 5/5
   320 | D:1      | Learned a level 2 spell: Ensorcelled Hibernation
  1736 | D:2      | Reached XP level 3. HP: 12/24 MP: 3/6
  2590 | D:2      | Reached skill level 5 in Stealth
  3399 | D:3      | Reached skill level 5 in Hexes
  3406 | D:3      | Learned a level 3 spell: Confuse
  3450 | D:3      | Reached XP level 4. HP: 30/30 MP: 7/7
  4287 | D:4      | Found a staircase to the Ecumenical Temple.
  4297 | Temple   | Entered the Ecumenical Temple
  4514 | Temple   | Became a worshipper of Dithmenos the Shadowed
  4602 | D:4      | Found a sacrificial altar of Ru.
  4782 | D:4      | Reached XP level 5. HP: 23/36 MP: 6/9
  4945 | D:4      | Noticed Pikel
  4945 | D:4      | Noticed a slave
  4945 | D:4      | Noticed a slave
  4945 | D:4      | Noticed a slave
  4945 | D:4      | Noticed a slave
  4950 | D:4      | Found Aturor's General Store.
  4960 | D:4      | Slain by a slave

Action                   |  1- 3 |  4- 6 || total
-------------------------+-------+-------++-------
Melee: Dagger            |   161 |   128 ||   289
 Cast: Corona            |    22 |    17 ||    39
       Ensorcelled Hiber |       |    13 ||    13
 Abil: End Transformatio |       |     2 ||     2
       Bat Form          |       |     2 ||     2
  Use: Scroll            |       |     4 ||     4
 Stab: Sleeping          |     9 |    14 ||    23
  Eat: Corpse            |     6 |     6 ||    12
